 Dungeon Crawl Stone Soup version 0.23.2-1-ga50397a6bc (webtiles) character file.

Game seed: 17111118438483661557

1927 Gargoyl the Chopper (level 8, 0/67 HPs)
             Began as a Centaur Abyssal Knight on May 8, 2019.
             Was a Priest of Lugonu.
             Slain by a starcursed mass (10 damage)
             ... summoned by Lugonu's corruption
             ... in a bailey on May 9, 2019.
             The game lasted 00:12:36 (6977 turns).

Gargoyl the Chopper (Centaur Abyssal Knight)        Turns: 6977, Time: 00:12:36

Health: 0/67       AC: 16    Str: 16    XL:     8   Next: 96%
Magic:  6/11       EV: 10    Int: 11    God:    Lugonu [***...]
Gold:   435        SH:  5    Dex: 17    Spells: 7/7 levels left

rFire    + . .     SeeInvis .   a - +1 hand axe
rCold    . . .     Gourm    .   e - +0 buckler
rNeg     . . .     Faith    .   d - +4 chain mail {MR+}
rPois    .         Spirit   .   u - +0 helmet
rElec    .         Reflect  .   k - +0 cloak
rCorr    .         Harm     .   (no gloves)
MR       +....                  (no barding)
Stlth    ..........             (no amulet)
HPRegen  0.21/turn              x - +2 ring of strength
MPRegen  0.12/turn              w - +1 ring of protection

@: agile, very slightly contaminated, invisible, very quick
A: large, hooves 3, blink, deformed body, fire resistance 1, speed 2, screaming
1, tough skin 3
a: Blink, Depart the Abyss, Bend Space, Banish, Renounce Religion


You were in a bailey.
You worshipped Lugonu.
Lugonu was most pleased with you.
You were very hungry.

You visited 1 branch of the dungeon, and saw 7 of its levels.
You visited the Abyss 1 time.
You also visited: Bailey.

You collected 435 gold pieces.

Inventory:

Hand Weapons
 a - a +1 hand axe (weapon)
Missiles
 p - 3 tomahawks (quivered)
Armour
 d - a +4 chain mail of magic resistance (worn)
 e - a +0 buckler (worn)
 k - a +0 cloak (worn)
 u - a +0 helmet (worn)
Jewellery
 i - the ring of Xom's Approval {Wiz rF+ Str+3 Dex+4, unknown}
   (You found it in a bailey)

   [ring of wizardry]

   It improves your spell success rate.
   It affects your strength (+3).
   It affects your dexterity (+4).
   It protects you from fire.
 w - a +1 ring of protection (right hand)
 x - a +2 ring of strength (left hand)
Wands
 f - a wand of polymorph (10)
 q - a wand of digging (15)
Scrolls
 j - 4 scrolls of remove curse
 l - a scroll of amnesia
 m - 2 scrolls of teleportation
 o - a scroll of random uselessness {unknown}
 r - a scroll of fog
 s - 2 scrolls of identify
Potions
 b - a potion of resistance
 g - 2 potions of curing
 n - a potion of lignification
Comestibles
 c - 13 rations


   Skills:
 + Level 4.7 Fighting
 + Level 5.6 Axes
 * Level 4.9 Armour
 + Level 1.8 Dodging
 * Level 3.4 Shields
 * Level 5.1 Invocations


You had 7 spell levels left.
You didn't know any spells.
Your spell library was empty.

Dungeon Overview and Level Annotations

Branches:
Dungeon (7/15)             Temple (0/1) D:6

Altars:
Ashenzari
Cheibriados
Trog
Vehumet
Wu Jian
Xom

Annotations:
Bailey corrupted


Innate Abilities, Weirdness & Mutations

You have hooves in place of feet.
Armour fits poorly on your strangely shaped body.
You cover ground very quickly.
You have extremely tough skin. (AC +3)
You can translocate small distances at will.
Your flesh is heat resistant. (rF+)
You occasionally shout uncontrollably at your foes.


Message History

The apocalypse crab claws you but does no damage.
You feel better. The ufetubus hits you.
* * * LOW HITPOINT WARNING * * *
You block the ufetubus's attack.
You block the small abomination's attack.
You block the ufetubus's attack.
The ufetubus hits you but does no damage.
The starcursed mass engulfs you.
* * * LOW HITPOINT WARNING * * *
You feel less wooden.
Your +0 cloak unmelds from your body.
Your +0 helmet unmelds from your body.
Your +4 chain mail of magic resistance unmelds from your body.
You feel resistant to hostile enchantments.
The small abomination hits you but does no damage.
The ufetubus hits you but does no damage.
You block the ufetubus's attack.
You feel agile all of a sudden.
The ufetubus completely misses you. x2; The ufetubus closely misses you.
The ufetubus misses you. The starcursed mass engulfs you!
You die...

##.## #.($#
#...# #.4.# #
###
######.##.#...#
.(....x)#X.X#X#
#}..Lx53X..55#
#.Z@Xx# ##)####
#.t #.# #(.
.#+######
..≈.≈...^#
##≈.≈###'#
K≈.≈....#


You could see 3 neutral starcursed masses, a neutral lich (wandering), a neutral
apocalypse crab (wandering), a neutral thrashing horror, a neutral large
abomination (wandering), a neutral ynoxinul (wandering), a neutral chaos spawn
(wandering), 3 neutral small abominations, a neutral quasit (wandering), a
neutral white imp (wandering), a neutral ufetubus (wandering) and a neutral fire
dragon skeleton (wandering).

Vanquished Creatures
  Eustachio (D:4)
  An orc warrior (Bailey)
  2 sky beasts (D:4)
  2 phantoms
  A necrophage (D:6)
  An ogre (D:7)
  A centaur (D:5)
  A bullfrog (D:6)
  3 scorpions
  A howler monkey (D:4)
  4 hounds (D:4)
  A bullfrog zombie (D:7)
  An orc priest (D:6)
  5 orc wizards
  2 bullfrog skeletons
  Terence (D:2)
  4 worker ants
  A statue (D:4)
  A hound zombie (D:5)
  17 gnolls
  7 adders
  An ooze (D:1)
  An adder zombie (D:5)
  A worm (D:3)
  2 dart slugs
  5 leopard geckos
  16 orcs
  7 bats
  9 giant cockroaches
  4 hobgoblins
  5 jackals (D:1)
  3 quokkas
  A ball python (D:4)
  4 frilled lizards
  10 goblins
  10 kobolds
  A quokka skeleton (D:4)
  7 rats
145 creatures vanquished.

Vanquished Creatures (others)
  4 orc warriors (Bailey)
  5 gnolls (Bailey)
  3 orcs (Bailey)
  A goblin (Bailey)
  A hobgoblin (Bailey)
  2 kobolds (Bailey)
16 creatures vanquished.

Grand Total: 161 creatures vanquished

Notes
Turn   | Place    | Note
-------+----------+-------------------------------------------
     0 | Abyss:1  | Gargoyl the Centaur Abyssal Knight began the quest for the
                  | Orb.
     0 | Abyss:1  | Reached XP level 1. HP: 19/19 MP: 2/2
    27 | Abyss:1  | Found a hazy altar of Hepliaklqana.
   126 | Abyss:2  | Identified a scroll of acquirement
   131 | Abyss:2  | Noticed a ynoxinul
   133 | D:1      | Escaped the Abyss
   308 | D:1      | Reached * piety under Lugonu
   308 | D:1      | Reached XP level 2. HP: 26/26 MP: 3/3
   524 | D:1      | Reached XP level 3. HP: 33/33 MP: 4/4
   755 | D:2      | Found a snail-covered altar of Cheibriados.
   928 | D:2      | Noticed Terence
   940 | D:2      | Killed Terence
   940 | D:2      | Reached skill level 1 in Shields
  1207 | D:2      | Reached XP level 4. HP: 40/40 MP: 5/5
  1600 | D:3      | Reached ** piety under Lugonu
  1720 | D:3      | Found a faded altar of an unknown god.
  1884 | D:3      | Reached XP level 5. HP: 37/46 MP: 7/7
  2560 | D:4      | Noticed a phantom
  2612 | D:4      | Gained mutation: You occasionally shout uncontrollably at
                  | your foes. [potion of mutation]
  2612 | D:4      | Gained mutation: You can translocate small distances at
                  | will. [potion of mutation]
  2612 | D:4      | Gained mutation: Your flesh is heat resistant. (rF+)
                  | [potion of mutation]
  2620 | D:4      | Reached XP level 6. HP: 14/52 MP: 8/8
  2624 | D:4      | Reached skill level 1 in Dodging
  2914 | D:4      | Noticed a sky beast
  2932 | D:4      | Killed a sky beast
  3135 | D:4      | Reached XP level 7. HP: 50/59 MP: 9/9
  3376 | D:4      | Found a radiant altar of Vehumet.
  3816 | D:4      | Found an ornate altar of the Wu Jian Council.
  3953 | D:4      | Found a shimmering altar of Xom.
  3953 | D:4      | Found a shattered altar of Ashenzari.
  4014 | D:4      | Noticed Eustachio
  4031 | D:4      | Killed Eustachio
  4239 | D:5      | Entered Level 5 of the Dungeon
  4296 | D:5      | Reached XP level 8. HP: 55/67 MP: 11/11
  4879 | D:5      | Got a transparent ring mail
  4888 | D:5      | Reached skill level 5 in Axes
  4948 | D:5      | Identified the cursed +0 ring mail of Trog's Righteous Fury
                  | {rElec rF+ rN+ Int+3} (You found it on level 5 of the
                  | Dungeon)
  5096 | D:5      | Reached *** piety under Lugonu
  5534 | D:6      | Found a staircase to the Ecumenical Temple.
  6054 | D:6      | Found a bloodstained altar of Trog.
  6078 | D:6      | Reached skill level 5 in Invocations
  6880 | D:7      | Found a flagged portal.
  6892 | Bailey   | Entered a bailey
  6929 | Bailey   | Reached **** piety under Lugonu
  6944 | Bailey   | Got a glittering ivory ring
  6956 | Bailey   | Corrupted Bailey
  6956 | Bailey   | Noticed an orb spider
  6956 | Bailey   | Noticed an apocalypse crab
  6956 | Bailey   | Noticed a thrashing horror
  6956 | Bailey   | Noticed a glowing orange brain
  6956 | Bailey   | Noticed a large abomination
  6958 | Bailey   | Noticed a starcursed mass
  6963 | Bailey   | Noticed a lich
  6965 | Bailey   | Noticed a large abomination
  6968 | Bailey   | HP: 3/100 [ynoxinul/iron shot[Lugonu's corruption] (22)]
  6977 | Bailey   | Slain by a starcursed mass

Skill      XL: |  1  2  3  4  5  6  7  8 |
---------------+-------------------------+-----
Axes           | 2 3 4 5 |  5.6
Shields        | 1 2 3 |  3.4
Armour         | 2 3 4 |  4.9
Invocations    | 3 4 5 |  5.1
Fighting       | 4 |  4.7
Dodging        | 1 |  1.8

Action                   |  1- 3 |  4- 6 |  7- 9 || total
-------------------------+-------+-------+-------++-------
Melee: Hand axe          |    63 |   163 |   355 ||   581
       Kick              |    15 |    29 |    91 ||   135
Throw: Tomahawk          |       |       |     3 ||     3
Invok: Depart the Abyss  |     1 |       |       ||     1
       Bend Space        |       |       |     1 ||     1
       Corrupt           |       |       |     1 ||     1
  Use: Scroll            |     4 |       |     9 ||    13
       Potion            |     1 |     5 |     8 ||    14
 Stab: Invisible         |       |       |     1 ||     1
       Paralysed         |       |       |     1 ||     1
  Eat: Chunk             |       |     5 |     7 ||    12
       Ration            |       |       |     1 ||     1
Armor: Chain mail        |    62 |   131 |   229 ||   422
       Skin              |       |    24 |    54 ||    78
Dodge: Dodged            |     6 |    25 |   109 ||   140
Block: Buckler           |    10 |    31 |   100 ||   141
